 Dungeon Crawl Stone Soup version 0.20.1-1-g8b1a95d (webtiles) character file.

46817 letownia2 the Necromancer (level 14, 0/139 HPs)
             Began as a Deep Dwarf Necromancer on Nov 3, 2017.
             Was an Initiate of Gozag.
             Killed from afar by a starcursed mass (6 damage)
             ... with an accursed screaming
             ... on level 3 of the Abyss.
             The game lasted 01:09:23 (19673 turns).

letownia2 the Necromancer (Deep Dwarf Necromancer) Turns: 19673, Time: 01:09:25

Health: 0/139      AC: 19    Str: 18      XL:     14   Next: 6%
Magic:  27/27      EV: 20    Int: 18      God:    Gozag
Gold:   970        SH:  0    Dex: 17 (18) Spells: 27/31 levels left

rFire    + . .     SeeInvis .   a - +8 long sword of Yskeg {pain, Dex+2}
rCold    . . .     Gourm    .   (no shield)
rNeg     + . .     Faith    .   z - +2 scale mail {rF+}
rPois    .         Spirit   .   m - +2 helmet "Nozur" {*Contam rElec Int+4}
rElec    +         Reflect  .   l - +0 cloak
rCorr    .         Harm     .   p - +2 pair of gloves {Dex+3}
MR       ++...     Rnd*Tele +   L - +0 pair of boots of Fagymoq {rElec Str+3} (curse)
Stlth    +.........             Q - amulet of magic regeneration
Regen    0.0/turn               o - +3 ring of evasion
MPRegen  0.3/turn               f - +4 ring of evasion

@: about to teleport, gold aura, very slightly contaminated, non-regenerating,
drained
A: damage resistance, heal wounds, [dopey 2], negative energy resistance 1,
sense surroundings 2, [teleportitis 2], no regeneration
a: Heal Wounds, Potion Petition, Call Merchant, Bribe Branch, Renounce Religion


You were on level 3 of the Abyss.
You worshipped Gozag.
Gozag was pleased with you.
You were full.

You visited 4 branches of the dungeon, and saw 20 of its levels.
You visited the Abyss 1 time.
You also visited: Ice Cave.

You collected 5577 gold pieces.
You spent 940 gold pieces at shops.
You paid 3667 gold pieces to Gozag.

Inventory:

Hand Weapons
 a - the +8 long sword of Yskeg (weapon) {pain, Dex+2}
   (You found it on level 8 of the Dungeon)

   In the hands of one skilled in necromantic magic, it inflicts extra damage on
   living creatures.
   It affects your dexterity (+2).
 b - a +4 dire flail of holy wrath
 c - a +0 blowgun
 E - a +0 battleaxe
 F - a +2 quick blade of freezing
Missiles
 q - 11 javelins (quivered)
 w - 6 curare-tipped needles
Armour
 l - a +0 cloak (worn)
 m - the +2 helmet "Nozur" (worn) {*Contam rElec Int+4}
   (You bought it in a shop on level 2 of the Lair of Beasts)

   It affects your intelligence (+4).
   It insulates you from electricity.
   It causes magical contamination when unequipped.
 p - a +2 pair of gloves of dexterity (worn)
 z - a +2 scale mail of fire resistance (worn)
 L - the cursed +0 pair of boots of Fagymoq (worn) {rElec Str+3}
   (You bought it in a shop on level 3 of the Lair of Beasts)

   It affects your strength (+3).
   It insulates you from electricity.
   It has a curse placed upon it.
Jewellery
 f - a +4 ring of evasion (right hand)
 g - an uncursed ring of ice
 o - a +3 ring of evasion (left hand)
 Q - an amulet of magic regeneration (around neck)
Wands
 h - a wand of enslavement (17/24)
 n - a wand of digging (4/24)
 v - a wand of flame (0/48)
 y - a wand of scattershot (1/9)
 I - a wand of paralysis (6/24)
 M - a wand of iceblast (8/15)
 N - a wand of confusion (18/48)
 O - a wand of iceblast (0/15)
 R - a wand of disintegration (12/24)
Scrolls
 i - a scroll of identify
 x - a scroll of recharging
 A - 6 scrolls of remove curse
 H - 2 scrolls of immolation
 J - 3 scrolls of fear
 P - a scroll of fog
 S - 2 scrolls of blinking
 T - a scroll of enchant weapon
 U - 2 scrolls of teleportation
Potions
 e - 2 potions of cancellation
 j - 2 potions of heal wounds
 k - a potion of lignification
 r - 2 potions of brilliance
 s - a potion of mutation
 u - 3 potions of curing
 B - a potion of might
 C - 4 potions of haste
 D - a potion of flight
 G - 2 potions of resistance
 W - a potion of invisibility
 Y - 2 potions of agility
Miscellaneous
 t - a lamp of fire (inert)
Comestibles
 d - 4 royal jellies
 K - 7 bread rations


   Skills:
 - Level 12.7(12.4) Fighting
 - Level 2.4(2.1) Long Blades
 - Level 5.0(4.6) Maces & Flails
 - Level 7.0(6.6) Armour
 * Level 5.3(5.0) Dodging
 - Level 2.4(2.1) Stealth
 - Level 9.4(9.0) Spellcasting
 - Level 15.1(14.7) Necromancy
 - Level 4.7(4.4) Evocations


You had 27 spell levels left.
You knew the following spells:

 Your Spells              Type           Power        Failure   Level  Hunger
a - Pain                  Necr           ####         1%          1    None
v - Vampiric Draining     Necr           ######....   1%          3    None


Dungeon Overview and Level Annotations

Branches:
Dungeon (14/15)            Temple (1/1) D:4            Lair (3/6) D:9
  Swamp (0/4) Lair:3          Orc (2/2) D:10            Elf (0/3) Orc:2
  Snake: Lair:2-4    Spider: Lair:2-4    Vaults: D:13-14

Altars:
Ashenzari
Cheibriados
Dithmenos
Elyvilon
Fedhas
Gozag
Hepliaklqana
Kikubaaqudgha
Makhleb
Nemelex Xobeh
Okawaru
Qazlal
Ru
Sif Muna
Trog
Uskayaw
Vehumet
Xom
Yredelemnul
Zin
The Shining One

Shops:
D:6 =   D:8 =[   D:10 *(%(   D:13 [   Lair:2 [[   Lair:3 [

Annotations:
D:8 Gastronok


Innate Abilities, Weirdness & Mutations

You are resistant to damage.
You can heal yourself by infusing magical energy.
You resist negative energy. (rN+)
You passively map the area around you.
You do not regenerate.
[You are very dopey. (Int -4)]
[You are sometimes teleported next to monsters.]


Message History

The sixfirhy hits you but does no damage.
The manticore zombie is distracted by your gold.
A starcursed mass splits.
The eidolon stares piercingly at you.
The bolt of negative energy hits the sixfirhy.
The sixfirhy completely resists.
The bolt of negative energy hits you! You partially resist.
You feel drained.
* * * LOW HITPOINT WARNING * * *
Found 22 gold pieces.
The hellwing is no longer distracted by gold.
The manticore zombie is no longer distracted by gold.
A deafening chorus of shrieks assaults your mind!
* * * LOW HITPOINT WARNING * * *
The eidolon is distracted by the nearby gold.
Unknown command.
Unknown command.
The eidolon is no longer distracted by gold.
A deafening chorus of shrieks assaults your mind!
You die...
Your body crumbles into a pile of gold.

..... #... ......
... #..$.... #.. #
#....... .. .##
.###.#...###. ....
....X......#.#..#..
...................
.#...X.....@.......
....XX.....#...#.##
..W.X##..x..##.#
.....X...3.## # .
...#.4Wx.###.
.........Z.....
###.##$#2Z.#...
.##..#.#.#.## .
....##..##..#


You could see 6 starcursed masses, an eidolon (unaware), a shadow demon, a
hellwing, a sixfirhy, 2 small abominations, a seven-headed hydra simulacrum and
a manticore zombie.

Vanquished Creatures
  An orc warlord (Orc:1)
  A reaper (IceCv)
  The ghost of Timinator the Grappler, a journeyman TrMo of Okawaru (D:11)
  2 centaur warriors (D:13)
  A hydra (Lair:3)
  3 two-headed ogres
  A queen ant (Lair:3)
  9 death yaks
  A deep elf archer (Orc:1)
  Pikel (D:9)
  2 deep elf magi
  An orc knight (Orc:1)
  2 ugly things
  A manticore (D:11)
  An oklob plant (Lair:2)
  Psyche (D:8)
  2 ice statues (IceCv)
  Joseph (D:8)
  An apocalypse crab (Abyss:3)
  3 black mambas
  2 gargoyles (D:11)
  2 torpor snails
  4 spiny frogs
  2 rime drakes (Lair:3)
  6 ice devils (IceCv)
  A hellwing (Abyss:3)
  2 komodo dragons
  A queen bee (Lair:3)
  6 trolls
  4 hippogriffs
  A meliai zombie (D:13)
  Sigmund (D:4)
  A spriggan (D:7)
  A shadow (D:13)
  23 yaks
  3 wraiths
  Grum (D:8)
  2 hungry ghosts (D:13)
  Menkaure (D:5)
  4 water moccasins
  5 swamp worms (Lair:3)
  2 hell hounds (Abyss:3)
  5 soldier ants (Lair:3)
  4 porcupines
  18 orc warriors
  4 slaves
  4 sky beasts
  3 phantoms
  3 ice beasts
  A black bear (D:12)
  11 ogres
  10 centaurs
  5 wolves
  A big kobold (D:8)
  4 crocodiles
  10 bullfrogs
  A wyvern zombie (D:13)
  A wyvern skeleton (D:7)
  5 scorpions
  25 killer bees
  6 howler monkeys
  8 electric eels
  5 wights
  5 crimson imps
  8 centaur zombies
  3 quasits
  A bullfrog zombie (D:5)
  9 hounds
  8 orc priests
  6 jellies
  5 bullfrog skeletons
  2 centaur skeletons
  Terence (D:2)
  2 iguanas
  10 orc wizards
  5 hell rats (Lair:2)
  31 worker ants
  2 hound zombies
  3 hound skeletons
  A worker ant zombie (D:9)
  4 gnolls
  A howler monkey skeleton (D:11)
  14 adders
  2 river rats (D:9)
  3 shadow imps
  8 white imps (IceCv)
  5 ufetubi (IceCv)
  15 oozes
  A dart slug (D:3)
  13 leopard geckos
  64 orcs
  9 giant cockroaches
  8 goblins
  7 hobgoblins
  11 jackals
  9 quokkas
  9 bats
  A giant cockroach zombie (D:5)
  A jackal skeleton (D:4)
  8 kobolds
  A quokka skeleton (D:5)
  10 rats
551 creatures vanquished.

Vanquished Creatures (others)
  A dancing weapon (Abyss:3)
  8 white imps (IceCv)
  2 ufetubi (IceCv)
  2 orcs (D:6)
  3 fungi (Lair:2)
16 creatures vanquished.

Grand Total: 567 creatures vanquished

Notes
Turn   | Place    | Note
-------+----------+-------------------------------------------
     0 | D:1      | letownia2 the Deep Dwarf Necromancer began the quest for the Orb.
     0 | D:1      | Reached XP level 1. HP: 15/15 MP: 3/3
   370 | D:2      | Reached XP level 2. HP: 22/22 MP: 3/5
   494 | D:3      | Reached skill level 5 in Necromancy
   729 | D:3      | Reached XP level 3. HP: 22/28 MP: 1/6
   910 | D:4      | Found a staircase to the Ecumenical Temple.
   924 | Temple   | Entered the Ecumenical Temple
   986 | D:4      | Noticed a scorpion
  1081 | D:3      | Learned a level 3 spell: Vampiric Draining
  1128 | D:4      | Found a bloodstained altar of Trog.
  1300 | D:4      | Found a hazy altar of Hepliaklqana.
  1453 | D:4      | Killed a scorpion
  1453 | D:4      | Reached skill level 6 in Necromancy
  1453 | D:4      | Reached XP level 4. HP: 24/36 MP: 3/7
  1570 | D:4      | Noticed an ogre
  1583 | D:4      | Killed an ogre
  1583 | D:4      | Reached skill level 7 in Necromancy
  1583 | D:4      | Reached XP level 5. HP: 27/42 MP: 2/8
  1669 | D:4      | Noticed Sigmund
  1675 | D:4      | Killed Sigmund
  1675 | D:4      | Reached skill level 8 in Necromancy
  1675 | D:4      | Reached XP level 6. HP: 45/49 MP: 6/9
  1799 | D:2      | Found a white marble altar of Elyvilon.
  1911 | Temple   | Became a worshipper of Gozag Ym Sagoz the Greedy
  2208 | D:3      | Found a shimmering altar of Xom.
  3044 | D:2      | Reached XP level 7. HP: 48/56 MP: 11/11
  3072 | D:2      | Noticed Terence
  3080 | D:2      | Killed Terence
  3226 | D:2      | Reached skill level 1 in Armour
  3918 | D:5      | Entered Level 5 of the Dungeon
  3985 | D:5      | Noticed Menkaure
  4493 | D:5      | Reached skill level 1 in Evocations
  4540 | D:5      | Reached XP level 8. HP: 49/63 MP: 10/13
  4668 | D:5      | Reached skill level 1 in Fighting
  5054 | D:6      | Found a blossoming altar of Fedhas.
  5231 | D:6      | Reached skill level 5 in Spellcasting
  5558 | D:6      | Found an ancient bone altar of Kikubaaqudgha.
  5676 | D:6      | Found an iron altar of Okawaru.
  5938 | D:5      | Gained mutation: You passively map the area around you. [Deep Dwarf growth]
  5938 | D:5      | Reached XP level 9. HP: 58/74 MP: 17/17
  6137 | D:5      | Killed Menkaure
  7607 | D:8      | Noticed a skeletal warrior
  7797 | D:8      | Noticed Psyche
  7812 | D:8      | Killed Psyche
  8211 | D:8      | Noticed Gastronok
  8282 | D:8      | Noticed Joseph
  8301 | D:8      | Killed Joseph
  8301 | D:8      | Reached XP level 10. HP: 69/82 MP: 8/23
  8316 | D:8      | Noticed Grum
  8383 | D:8      | Killed Grum
  8383 | D:8      | Reached skill level 5 in Armour
  8432 | D:8      | Found Qeeni's Antique Armour Emporium.
  8573 | D:8      | Got an ancient long sword
  8576 | D:8      | Identified the +8 long sword of Yskeg {pain, Dex+2} (You found it on level 8 of the Dungeon)
  8626 | D:8      | Found Zaaz's Jewellery Boutique.
  8938 | D:9      | Found a radiant altar of Vehumet.
  8938 | D:9      | Noticed a two-headed ogre
  8940 | D:9      | Noticed a dagger
  8944 | D:9      | Noticed a hand axe
  8954 | D:9      | Killed a two-headed ogre
  8961 | D:9      | Found a hide-covered altar of Uskayaw.
  9083 | D:9      | Noticed a death yak
  9103 | D:9      | Killed a death yak
  9112 | D:9      | Found a staircase to the Lair.
  9114 | D:9      | Noticed a death yak
  9178 | D:9      | Killed a death yak
  9178 | D:9      | Reached skill level 5 in Fighting
  9178 | D:9      | Reached skill level 9 in Necromancy
  9342 | D:9      | Noticed a death yak
  9366 | D:9      | Killed a death yak
  9604 | D:6      | Reached XP level 11. HP: 72/97 MP: 24/24
  9926 | D:9      | Reached skill level 10 in Necromancy
  9980 | D:9      | Noticed Pikel
 10013 | D:10     | Entered Level 10 of the Dungeon
 10041 | D:10     | Noticed a two-headed ogre
 10048 | D:10     | Killed a two-headed ogre
 10338 | D:10     | Found Pes Buorph's General Store.
 10383 | D:10     | Found Taeklaq's Antique Weapon Shop.
 10495 | D:10     | Found Tuasig's Food Emporium.
 10656 | D:10     | Found Senifo's Armour Shoppe.
 10665 | D:10     | Found Diule's Weapon Shop.
 10756 | D:10     | Found a staircase to the Orcish Mines.
 11142 | Lair:1   | Entered Level 1 of the Lair of Beasts
 11240 | Lair:1   | Reached skill level 11 in Necromancy
 11930 | Lair:2   | Bought a polished helmet for 370 gold pieces
 12070 | Lair:2   | Reached skill level 12 in Necromancy
 12099 | Lair:2   | Identified the +2 helmet "Nozur" {*Contam rElec Int+4} (You bought it in a shop on level 2 of the Lair of Beasts)
 12201 | Lair:2   | Noticed an oklob plant
 12655 | Lair:2   | Reached XP level 12. HP: 87/112 MP: 21/25
 13040 | D:9      | Killed Pikel
 13357 | D:11     | Noticed Timinator's ghost (journeyman TrMo)
 13370 | D:11     | Noticed a two-headed ogre
 13415 | D:11     | Killed Timinator's ghost
 13429 | D:11     | Killed a two-headed ogre
 13460 | D:11     | Reached skill level 13 in Necromancy
 13586 | D:11     | Reached skill level 10 in Fighting
 14648 | D:13     | Noticed a centaur warrior
 14653 | D:13     | Killed a centaur warrior
 14798 | D:13     | Noticed a centaur warrior
 14806 | D:13     | Killed a centaur warrior
 14869 | D:13     | Found Izxir's Antique Armour Boutique.
 15062 | D:13     | Reached skill level 14 in Necromancy
 15203 | D:13     | Reached XP level 13. HP: 101/127 MP: 6/26
 16338 | Lair:3   | Found a shadowy altar of Dithmenos.
 16530 | Lair:3   | Found a frozen archway.
 16664 | Lair:3   | Reached skill level 15 in Necromancy
 16779 | Lair:3   | Bought a pair of pitted gloves for 285 gold pieces
 16789 | Lair:3   | Identified the -5 pair of gloves of Snakes and Ladders {rPois} (You bought it in a shop on level 3 of the Lair of Beasts)
 16809 | IceCv    | Entered an ice cave
 17148 | IceCv    | Reached skill level 1 in Maces & Flails
 17254 | IceCv    | Noticed a reaper
 17266 | IceCv    | Killed a reaper
 17631 | Lair:3   | Reached skill level 5 in Maces & Flails
 17989 | Lair:3   | Found a staircase to the Swamp.
 18197 | Lair:3   | Bought a pair of scorched boots for 285 gold pieces
 18207 | Lair:3   | Identified the cursed +0 pair of boots of Fagymoq {rElec Str+3} (You bought it in a shop on level 3 of the Lair of Beasts)
 18372 | Orc:1    | Entered Level 1 of the Orcish Mines
 18448 | Orc:1    | Noticed an orc warlord
 18463 | Orc:1    | Killed an orc warlord
 18831 | Orc:2    | Entered Level 2 of the Orcish Mines
 18846 | Orc:2    | Found a bloodstained altar of Trog.
 19033 | Orc:2    | Found a staircase to the Elven Halls.
 19254 | Orc:2    | Noticed an orc warlord
 19256 | Orc:2    | Noticed an orc warlord
 19401 | Orc:1    | Gained mutation: You resist negative energy. (rN+) [Deep Dwarf growth]
 19401 | Orc:1    | Reached XP level 14. HP: 91/139 MP: 15/27
 19449 | Orc:1    | Cast into level 3 of the Abyss (orc warlord)
 19495 | Abyss:3  | Reached skill level 5 in Dodging
 19610 | Abyss:3  | Noticed a cacodemon
 19665 | Abyss:3  | Noticed a starcursed mass
 19666 | Abyss:3  | HP: 4/139 [starcursed mass/accursed screaming (6)]
 19672 | Abyss:3  | HP: 6/139 [starcursed mass/accursed screaming (6)]
 19673 | Abyss:3  | Killed from afar by a starcursed mass

Skill      XL: |  1  2  3  4  5  6  7  8  9 10 11 12 13 14 |
---------------+-------------------------------------------+-----
Spellcasting   | 2 3 5 9 |  9.4
Necromancy     | 5 6 7 8 9 12 14 15 | 15.1
Armour         | 4 7 |  7.0
Evocations     | 2 4 |  4.7
Fighting       | 2 5 8 11 12 | 12.7
Long Blades    | 2 |  2.4
Dodging        | 4 5 |  5.3
Maces & Flails | 5 |  5.0
Stealth        | |  2.4

Action                   |  1- 3 |  4- 6 |  7- 9 | 10-12 | 13-15 || total
-------------------------+-------+-------+-------+-------+-------++-------
Melee: Hand axe          |    17 |       |    40 |       |       ||    57
       Dagger            |       |       |   533 |     9 |       ||   542
       Unarmed           |       |       |    30 |       |       ||    30
       Staff             |       |       |    10 |       |     2 ||    12
       Long sword        |       |       |       |   444 |   255 ||   699
       Quarterstaff      |       |       |       |    25 |       ||    25
       Dire flail        |       |       |       |       |    32 ||    32
Throw: Javelin           |       |       |     6 |     4 |       ||    10
 Cast: Pain              |    53 |    67 |    87 |     1 |       ||   208
       Vampiric Draining |     4 |    12 |    91 |   224 |   126 ||   457
Invok: Call Merchant     |       |       |     1 |     1 |     2 ||     4
Evoke: Wand              |       |       |    17 |    38 |    85 ||   140
       Lamp of fire      |       |       |       |       |     1 ||     1
  Use: Scroll            |       |       |    12 |    22 |    10 ||    44
       Potion            |       |       |       |     1 |    13 ||    14
 Stab: Distracted        |       |       |     1 |     3 |     4 ||     8
       Paralysed         |       |       |     4 |    12 |       ||    16
       Confused          |       |       |       |     3 |     1 ||     4
  Eat: Chunk             |     3 |     4 |       |     4 |       ||    11
       Bread ration      |       |     1 |     2 |     1 |       ||     4
       Royal jelly       |       |       |     3 |     1 |     8 ||    12
       Meat ration       |       |       |     1 |     1 |       ||     2
       Fruit             |       |       |       |    10 |     3 ||    13
Armor: Robe              |     7 |       |       |       |       ||     7
       Ring mail         |     2 |    11 |       |       |       ||    13
       Scale mail        |       |       |   389 |   318 |   165 ||   872
       Skin              |       |       |    47 |       |       ||    47
Dodge: Dodged            |    26 |    14 |   526 |   566 |   404 ||  1536
       Rpst.: Long sword |       |       |       |   141 |   108 ||   249
